 Dungeon Crawl Stone Soup version 0.28-a0-479-g5baa6b73be (webtiles) character file.

Game seed: 348380059866294372

711 Conn the Firebug (level 7, -6/43 HPs)
             Began as an Octopode Fire Elementalist on Sept 18, 2021.
             Was an Initiate of Sif Muna.
             Mangled by Duvessa (17 damage)
             ... on level 5 of the Dungeon.
             The game lasted 00:18:21 (5848 turns).

Conn the Firebug (Octopode Fire Elementalist)       Turns: 5848, Time: 00:18:22

Health: -6/43      AC:  3    Str:  7    XL:     7   Next: 68%
Magic:  0/12       EV: 13    Int: 20    God:    Sif Muna [......]
Gold:   191        SH:  0    Dex: 12    Spells: 2/13 levels left

rFire   . . .      SeeInvis +   q - +0 dagger (drain)
rCold   . . .      Faith    .   (no shield)
rNeg    . . .      Spirit   .   (helmet restricted)
rPois   +          Reflect  .   (no amulet)
rElec   .          Harm     .   n - ring of see invisible
rCorr   +          Rampage  .   o - ring of resist corrosion
Will    .....                   (no ring)
Stlth   ++++......              (no ring)
HPRegen 0.14/turn               (no ring)
MPRegen 0.13/turn               (no ring)
                                (no ring)
                                (no ring)

@: very slightly contaminated
A: almost no armour, amphibious, 8 rings, camouflage 1, gelatinous body 1,
(nimble swimmer 1), tentacles, iridescent scales 1, poison resistance
a: Renounce Religion


You were on level 5 of the Dungeon.
You worshipped Sif Muna.
Sif Muna was noncommittal.
You visited 2 branches of the dungeon, and saw 7 of its levels.

You collected 191 gold pieces.

Inventory:

Hand Weapons
 d - a +0 dagger
 q - a +0 dagger of draining (weapon)
Jewellery
 n - a ring of see invisible (left tentacle)
 o - a ring of resist corrosion (right tentacle)
Scrolls
 a - a scroll of amnesia
 e - a scroll of magic mapping {unknown}
 l - a scroll of holy word {unknown}
Potions
 h - a potion of mutation
 j - a potion of flight
 p - a potion of brilliance


   Skills:
 + Level 1.1 Fighting
 + Level 1.8 Short Blades
 + Level 2.2 Dodging
 + Level 4.6 Stealth
 + Level 3.8 Spellcasting
 + Level 2.7 Conjurations
 * Level 2.5 Hexes
 * Level 5.6 Fire Magic


You had 2 spell levels left.
You knew the following spells:

 Your Spells              Type           Power      Damage    Failure   Level
a - Foxfire               Conj/Fire      80%        2x1d8     2%          1
b - Conjure Flame         Conj/Fire      20%        6-21      7%          3
c - Inner Flame           Hex/Fire       20%        N/A       8%          3
d - Flame Wave            Conj/Fire      20%        3d6       24%         4

Your spell library contained the following spells:

 Spells                   Type           Power      Damage    Failure   Level
 Scorch                   Fire           52%        2d8       1%          2
 Slow                     Hex            14%        N/A       7%          2
 Ensorcelled Hibernation  Hex/Ice        16%        N/A       12%         2
 Confusing Touch          Hex            14%        N/A       14%         3
 Tukima's Dance           Hex            14%        N/A       14%         3
 Vampiric Draining        Necr           1%         2d6       36%         3


Dungeon Overview and Level Annotations

Branches:
Dungeon (6/15)             Temple (1/1) D:4

Altars:
Dithmenos
Hepliaklqana
Kikubaaqudgha
Makhleb
Nemelex Xobeh
Okawaru
Qazlal
Ru
Sif Muna
Trog
Uskayaw
Xom
Yredelemnul
Zin

Shops:
D:1 *

Annotations:
D:5 Duvessa, Edmund
D:6 Eustachio, Maggie


Innate Abilities, Weirdness & Mutations

You cannot wear most types of armour.
You are amphibious.
You can wear up to eight rings at the same time.
Your skin changes colour to match your surroundings (Stealth+).
Your rubbery body absorbs attacks. (AC +1, EV +1)
((You are camouflaged near water. (Stealth+)))
You have tentacles for arms and can constrict up to eight enemies at once.
You are partially covered in iridescent scales. (AC +2)
Your system is resistant to poisons. (rPois)


Message History

Unknown command.
Unknown command.
Okay, then.
Casting: Foxfire (safe; 2% risk of failure)
Confirm with . or Enter, or press ? or * to list all spells.
Okay, then.
Unknown command.
Unknown command.
Press: ? - help, v - describe, . - travel
Here: Duvessa, wielding a +1 short sword of venom, wearing a +0 scale mail and quivering stones (almost dead, berserk)
The floor, spattered with blood.
Unknown command.
Unknown command.
Casting: Foxfire (safe; 2% risk of failure)
Confirm with . or Enter, or press ? or * to list all spells.
Okay, then.
Unknown command.
Unknown command.
Unknown command.
Casting: Foxfire (safe; 2% risk of failure)
Confirm with . or Enter, or press ? or * to list all spells.
The spell is quite dangerous to cast (24% risk of failure)!
Continue anyway?
Casting: Flame Wave (quite dangerous; 24% risk of failure)
Press: ? - help, Dir - look around, f - activate You miscast Flame Wave.
You are very lightly contaminated with residual magic.
Nothing appears to happen.
Duvessa barely misses you.
Duvessa hits you with a +1 short sword of venom!
* * * LOW HITPOINT WARNING * * *
Casting: Flame Wave (quite dangerous; 24% risk of failure)
Confirm with . or Enter, or press ? or * to list all spells.
Okay, then.
Okay, then.
Okay, then.
You hit Duvessa but do no damage. Your grab misses Duvessa.
Duvessa is almost dead.
Duvessa misses you.
You feel better.
Duvessa hits you with a +1 short sword of venom!
You die...

#..............#
#.....##....
#........☼)§...#
#.........#.
#........§§§...#
#.........#.
#..............#
#.........#.
#..............#
#..>.Z....#.
#..............#
#.........'.
#..............#
#.........#.
#########.....e#
#.........#.
#.....@#
#.........##
#......#
#...........
#......#
#...........
#......#
#.......[...
#......#
..........
#......#
#......#
########


You could see Duvessa (berserk).

Vanquished Creatures
  A black bear (D:5)
  An ogre (D:3)
  A centaur (D:6)
  A wyvern zombie (D:5)
  Dowan (D:5)
  A howler monkey (D:4)
  A hound (D:4)
  Jessica (D:2)
  3 iguanas
  2 orc wizards (D:4)
  A hound skeleton (D:4)
  2 adders
  A howler monkey skeleton (D:6)
  2 adder skeletons
  2 worms (D:2)
  A dart slug (D:3)
  7 orcs
  8 endoplasms
  4 giant cockroaches
  13 goblins
  6 hobgoblins
  2 jackals
  8 ball pythons
  2 bats (D:1)
  2 frilled lizards (D:3)
  4 kobolds
  2 rats
80 creatures vanquished.

Vanquished Creatures (others)
  274 foxfires
  3 plants (D:3)
277 creatures vanquished.

Grand Total: 357 creatures vanquished

Notes
Turn   | Place    | Note
-------+----------+-------------------------------------------
     0 | D:1      | Conn the Octopode Fire Elementalist began the quest for the
                  | Orb.
     0 | D:1      | Reached XP level 1. HP: 11/11 MP: 3/3
   181 | D:1      | Reached XP level 2. HP: 17/17 MP: 3/5
   243 | D:1      | Found Mep Neh's General Store.
   881 | D:2      | Reached XP level 3. HP: 21/21 MP: 3/6
   885 | D:2      | Learned a level 3 spell: Conjure Flame
  1534 | D:2      | Found a sacrificial altar of Ru.
  1958 | D:2      | Noticed Jessica
  1966 | D:2      | Killed Jessica
  1967 | D:2      | Reached skill level 4 in Fire Magic
  1967 | D:2      | Reached XP level 4. HP: 17/27 MP: 0/7
  2217 | D:3      | Found a burning altar of Makhleb.
  2342 | D:3      | Found a faded altar of an unknown god.
  2494 | D:3      | Noticed an ogre
  2501 | D:3      | Learned a level 3 spell: Inner Flame
  2528 | D:3      | Killed an ogre
  2529 | D:3      | Reached XP level 5. HP: 31/31 MP: 0/9
  3451 | D:4      | Found a shimmering altar of Xom.
  3453 | D:4      | Found a shimmering altar of Xom.
  3453 | D:4      | Found a shimmering altar of Xom.
  3453 | D:4      | Found a shimmering altar of Xom.
  3564 | D:4      | Reached skill level 1 in Hexes
  3771 | D:4      | Reached skill level 1 in Short Blades
  3914 | D:4      | Reached XP level 6. HP: 37/37 MP: 6/10
  3919 | D:4      | Learned a level 4 spell: Flame Wave
  4166 | D:4      | Found a shimmering altar of Xom.
  4169 | D:4      | Found a shimmering altar of Xom.
  4171 | D:4      | Found a shimmering altar of Xom.
  4444 | D:4      | Noticed a necrophage
  4634 | D:4      | Found a staircase to the Ecumenical Temple.
  4643 | Temple   | Entered the Ecumenical Temple
  4744 | Temple   | Became a worshipper of Sif Muna the Loreminder
  4847 | D:5      | Entered Level 5 of the Dungeon
  4847 | D:5      | Noticed Edmund
  4888 | D:5      | Noticed a black bear
  4893 | D:5      | Noticed a black bear
  4897 | D:5      | Killed a black bear
  4898 | D:5      | Reached skill level 1 in Fighting
  4898 | D:5      | Reached skill level 5 in Fire Magic
  4898 | D:5      | Reached XP level 7. HP: 43/43 MP: 3/12
  4976 | D:4      | Gained mutation: You are partially covered in iridescent
                  | scales. (AC +2) [potion of mutation]
  4976 | D:4      | Gained mutation: Your system is resistant to poisons.
                  | (rPois) [potion of mutation]
  5063 | D:5      | Found a bloodstained altar of Trog.
  5086 | D:5      | Found a glowing silver altar of Zin.
  5455 | D:6      | Noticed Eustachio
  5456 | D:6      | Noticed Maggie
  5610 | D:5      | Found a hazy altar of Hepliaklqana.
  5623 | D:5      | Noticed Duvessa
  5623 | D:5      | Noticed Dowan
  5840 | D:5      | Killed Dowan
  5848 | D:5      | Mangled by Duvessa

Illustrated notes

Levels and vault maps discovered:
D:1:      kennysheep_arrival_forest, layout_basic, serial_shops, shop,
          chequers_serial_rivers_micro_e
D:2:      layout_loops_corners, basic_altar, grunt_ministairs_6,
          amcnicky_mini_rare_corridor_liquid, uniq_jessica
D:3:      layout_loops_corners, mainiacjoe_overflow_alcove_1,
          shapermc_ecumenical_altar_mp_ritualfount, mrwooster_statue_mirror
D:4:      layout_basic, nicolae_xom_altar_mimics, temple_hall
D:5:      layout_gridville, vehumet_altar_wand_db,
          mainiacjoe_overflow_concentric_impassable, zin_academy,
          trog_ov_bears_minmay, uniq_edmund, uniq_duvessa
D:6:      layout_basic, uniq_maggie, uniq_eustachio
Temple:   regret_index_temple_generic_petals

Skill      XL: |  1  2  3  4  5  6 |
---------------+-------------------+-----
Stealth        | 3 4 |  4.6
Fire Magic     | 4 5 |  5.6
Spellcasting   | 3 |  3.8
Hexes          | 1 2 |  2.5
Short Blades   | 1 |  1.8
Conjurations   | 2 |  2.7
Fighting       | 1 |  1.1
Dodging        | |  2.2

Action                   |  1- 3 |  4- 6 |  7- 9 || total
-------------------------+-------+-------+-------++-------
Melee: Dagger            |    12 |    33 |    10 ||    55
       Constrict         |     3 |     7 |     1 ||    11
       Tentacles         |     2 |     6 |     1 ||     9
 Cast: Foxfire           |    47 |    77 |    32 ||   156
       Conjure Flame     |     1 |     1 |       ||     2
       Inner Flame       |       |       |     3 ||     3
  Use: Scroll            |       |       |     7 ||     7
       Potion            |       |       |     5 ||     5
 Stab: Sleeping          |       |     5 |     3 ||     8
       Distracted        |       |     1 |       ||     1
Armor: Skin              |     1 |     1 |     4 ||     6
Dodge: Dodged            |    10 |    18 |    18 ||    46

Table legend: (Time is in decaauts)
 A = Elapsed time spent in this place.
 B = Non-inter-level travel time spent in this place.
 C = Inter-level travel time spent in this place.
 D = Time resting spent in this place.
 E = Time spent auto-exploring this place.
 F = Levels seen in this place.
 G = Mean time per level.
                   A        B        C        D        E       F      G
               +--------+--------+--------+--------+--------+-----+--------+
         Total |   5827 |   5627 |    200 |    623 |   3851 |   7 |  832.4 |
       Dungeon |   5683 |   5525 |    158 |    623 |   3758 |   6 |  947.2 |
        Temple |    143 |    101 |     42 |      0 |     93 |   1 |  143.0 |
               +--------+--------+--------+--------+--------+-----+--------+

Top non-repeatable levels by time:
     D:4: 1402 daAuts
     D:3: 1341 daAuts
     D:2: 1280 daAuts
     D:1: 850 daAuts
     D:6: 422 daAuts
     D:5: 386 daAuts
  Temple: 143 daAuts
